 Dungeon Crawl Stone Soup version 0.19.5 (webtiles) character file.

389 miragecloak the Poker (level 7, -2/49 (52) HPs)
             Began as a Formicid Abyssal Knight on Apr 19, 2017.
             Was a Believer of Lugonu.
             Slain by a wyvern zombie (10 damage)
             ... on level 6 of the Dungeon.
             The game lasted 00:06:49 (6164 turns).

miragecloak the Poker (Formicid Abyssal Knight)     Turns: 6164, Time: 00:06:50

HP:   -2/49 (52)    AC:  6    Str: 17    XL:     7   Next: 7%
MP:   0/10          EV: 11    Int: 11    God:    Lugonu [**....]
Gold: 289           SH:  0    Dex: 12    Spells: 0 memorised, 6 levels left

rFire  + . .     SeeInvis +     a - +1 spear
rCold  . . .     Gourm    .     v - +2 leather armour {rF+}
rNeg   . . .     Faith    .     (no shield)
rPois  .         Spirit   +     (helmet unavailable)
rElec  .         Reflect  .     (no cloak)
rCorr  .         Harm     .     (no gloves)
MR     .....                    q - +0 pair of boots
Stlth  +.........               x - amulet of guardian spirit
                                (no ring)
                                (no ring)

@: no status effects
A: permanent stasis, dig shafts and tunnels, four strong arms, antennae 3
a: Dig, Shaft Self, Depart the Abyss, Bend Space, Renounce Religion


You were on level 6 of the Dungeon.
You worshipped Lugonu.
Lugonu was pleased with you.
You were very hungry.

You visited 1 branch of the dungeon, and saw 5 of its levels.
You visited the Abyss 1 time.

You collected 289 gold pieces.

Inventory:

Hand Weapons
 a - a +1 spear (weapon)
Armour
 q - a +0 pair of boots (worn)
 v - a +2 leather armour of fire resistance (worn)
Jewellery
 m - an uncursed ring of see invisible {unknown}
 x - an amulet of guardian spirit (around neck)
 y - a cursed ring of teleportation {unknown}
Wands
 r - a wand of iceblast (6/15)
Scrolls
 b - a scroll of amnesia {unknown}
 g - 2 scrolls of teleportation {unknown}
 i - 2 scrolls of immolation {unknown}
 j - 2 scrolls of noise {unknown}
 k - 2 scrolls of blinking {unknown}
 n - 3 scrolls of remove curse {unknown}
 p - 3 scrolls of recharging {unknown}
 t - 2 scrolls of identify {unknown}
 z - a scroll of fog {unknown}
Potions
 d - 2 potions of lignification {unknown}
 e - 3 potions of agility {unknown}
 f - a potion of degeneration {unknown}
 h - 2 potions of magic {unknown}
 l - 2 potions of might {unknown}
 o - a potion of resistance {unknown}
 s - 2 potions of curing {unknown}
 u - a potion of brilliance {unknown}
 w - 2 potions of mutation {unknown}
Comestibles
 c - 5 bread rations
 A - a beef jerky


   Skills:
 + Level 3.2 Fighting
 + Level 6.4 Polearms
 - Level 2.1 Armour
 - Level 0.8 Dodging
 - Level 4.0 Invocations


You had 6 spell levels left.
You didn't know any spells.

Dungeon Overview and Level Annotations

Branches:
Dungeon (4/15)             Temple (0/1) D:4

Altars:
Cheibriados
The Shining One

Annotations:
D:4 Exporg's ghost, amateur MiFi


Innate Abilities, Weirdness & Mutations

You are under a permanent stasis effect.
You can dig through walls and to a lower floor.
Your four strong arms can wield two-handed weapons with a shield.
You have a pair of large antennae on your head. (SInv)


Message History

You hit the wyvern zombie.
The wyvern zombie is moderately damaged.
The wyvern zombie bites you!
You hit the wyvern zombie.
The wyvern zombie is moderately damaged.
The wyvern zombie bites you but does no damage.
You hit the wyvern zombie.
The wyvern zombie is heavily damaged.
The wyvern zombie closely misses you.
You hit the wyvern zombie but do no damage.
The wyvern zombie is heavily damaged.
The wyvern zombie bites you!
* * * LOW HITPOINT WARNING * * *
You hit the wyvern zombie.
The wyvern zombie is severely damaged.
The wyvern zombie closely misses you.
You hit the wyvern zombie.
The wyvern zombie is severely damaged.
The wyvern zombie bites you!
You die...

...##..####.#
### #.##..####[#
... #..........#
#>###.#.#.######
#.....#.#.#
###.###.#.# #.#
#.#.#
#.#####.###.#.#
#....Z@..##.#..
#.###.#.....###
##.".#### ##.##
..# ###


You could see a wyvern zombie.

Vanquished Creatures
  A necrophage (D:6)
  A hound (D:4)
  A bullfrog skeleton (D:6)
  Ijyb (D:3)
  A worker ant zombie (D:6)
  9 adders
  An adder zombie (D:6)
  3 worms
  5 dart slugs
  3 leopard geckos
  9 orcs
  5 giant cockroaches
  10 goblins
  7 hobgoblins
  6 jackals
  7 kobolds
  2 quokkas
  A ball python (D:2)
  7 bats
  6 frilled lizards
  8 rats
  A fungus (D:3)
95 creatures vanquished.

Vanquished Creatures (others)
  A fungus (D:3)
1 creature vanquished.

Grand Total: 96 creatures vanquished

Notes
Turn   | Place    | Note
-------+----------+-------------------------------------------
     0 | Abyss:1  | miragecloak the Formicid Abyssal Knight began the quest for the Orb.
     0 | Abyss:1  | Reached XP level 1. HP: 18/18 MP: 2/2
    30 | Abyss:1  | Noticed a chaos spawn
    30 | D:1      | Escaped the Abyss
   372 | D:1      | Reached XP level 2. HP: 12/24 MP: 3/3
   641 | D:1      | Reached * piety under Lugonu
   642 | D:1      | Reached skill level 3 in Polearms
   762 | D:1      | Reached XP level 3. HP: 29/29 MP: 4/4
  1480 | D:2      | Reached skill level 4 in Polearms
  1480 | D:2      | Reached XP level 4. HP: 24/35 MP: 5/5
  2557 | D:2      | Reached XP level 5. HP: 34/41 MP: 6/6
  2635 | D:2      | Reached ** piety under Lugonu
  2846 | D:3      | Noticed Ijyb
  2862 | D:3      | Killed Ijyb
  2862 | D:3      | Reached skill level 5 in Polearms
  4019 | D:4      | Found a snail-covered altar of Cheibriados.
  4051 | D:4      | Noticed Exporg's ghost (amateur MiFi)
  4645 | D:3      | Reached XP level 6. HP: 18/47 MP: 4/7
  5183 | D:4      | Found a staircase to the Ecumenical Temple.
  5716 | D:4      | You fall through a shaft for 2 floors!
  5716 | D:6      | Noticed a necrophage
  5760 | D:6      | Killed a necrophage
  5760 | D:6      | Reached skill level 6 in Polearms
  5971 | D:6      | Found a glowing golden altar of the Shining One.
  5984 | D:6      | Reached XP level 7. HP: 38/49 MP: 6/10
  6164 | D:6      | Slain by a wyvern zombie

Skill      XL: |  1  2  3  4  5  6 |
---------------+-------------------+-----
Polearms       | 3 4 5 6 |  6.4
Invocations    | 4 |  4.0
Fighting       | |  3.2
Armour         | |  2.1
Dodging        | |  0.8

Action                   |  1- 3 |  4- 6 |  7- 9 || total
-------------------------+-------+-------+-------++-------
Melee: Spear             |    96 |   352 |    47 ||   495
Invok: Depart the Abyss  |     1 |       |       ||     1
 Abil: Shaft Self        |       |     1 |       ||     1
 Stab: Distracted        |       |     1 |       ||     1
       Sleeping          |       |       |     1 ||     1
  Eat: Chunk             |     2 |     9 |       ||    11
       Meat ration       |       |     1 |       ||     1
Armor: Leather armour    |    14 |    68 |     8 ||    90
Dodge: Dodged            |    41 |   114 |    18 ||   173
